 Dungeon Crawl Stone Soup version 0.32-a0-818-gb728d0252e (webtiles) character file.

Game seed: 12726772167361774095

4200 DeathSocks the Skirmisher (level 10, -2/56 HPs)
             Began as a Deep Elf Hexslinger on Mar 24, 2024.
             Was an Initiate of Gozag.
             Slain by a wyvern simulacrum (14 damage)
             ... on level 8 of the Dungeon.
             The game lasted 00:34:02 (7317 turns).

DeathSocks the Skirmisher (Deep Elf Hexslinger)     Turns: 7317, Time: 00:34:02

Health: -2/56      AC:  7    Str:  6    XL:     10   Next: 8%
Magic:  26/28      EV: 14    Int: 19    God:    Gozag
Gold:   2532       SH:  0    Dex: 26    Spells: 4/19 levels left

rFire   + + .        a - +0 longbow
rCold   . . .        (shield currently unavailable)
rNeg    . . .        f - +2 robe of Lies {rElec rF++ MP+9 Str-3}
rPois   .            (no helmet)
rElec   +            B - +0 cloak
rCorr   .            t - +1 pair of gloves {Dex+3}
SInv    .            (no boots)
Will    .....        (no amulet)
Stlth   ++++         d - +6 ring of dexterity
HPRegen 0.29/turn    g - +4 ring of slaying
MPRegen 0.21/turn

%: no passive effects
@: weak-willed, jinxed
A: no striking features
a: Renounce Religion, Potion Petition, Call Merchant, Bribe Branch


You were on level 8 of the Dungeon.
You worshipped Gozag.
Gozag was most pleased with you.
You visited 2 branches of the dungeon, and saw 9 of its levels.

You collected 2634 gold pieces.
You paid 102 gold pieces to Gozag.

Inventory:

Hand Weapons
 a - a +0 longbow (weapon)
 b - the +8 quarterstaff "Uwygrus" {chaos, rElec Will++ Int-4 Dex+4}
   (You found it on level 3 of the Dungeon)

   Int-4:     It affects your intelligence (-4).
   Dex+4:     It affects your dexterity (+4).
   rElec:     It insulates you from electricity.
   Will++:    It greatly increases your willpower.
 u - a +0 scimitar
Missiles
 k - 5 throwing nets
 w - 7 poisoned darts
Armour
 f - the +2 robe of Lies (worn) {rElec rF++ MP+9 Str-3}
   (You found it on level 2 of the Dungeon)

   Str-3:     It affects your strength (-3).
   rF++:      It greatly protects you from fire.
   rElec:     It insulates you from electricity.
   MP+9:      It affects your magic capacity (+9).
 t - a +1 pair of gloves of dexterity (worn)
 B - a +0 cloak (worn)
Jewellery
 d - a +6 ring of dexterity (left hand)
 g - a +4 ring of slaying (right hand)
 h - the amulet of Elemental Vulnerability {rPois rF-- rC-- AC+8}
   (You found it on level 2 of the Dungeon)

   [amulet of nothing]

   AC+8:      It affects your AC (+8).
   rF--:      It makes you very vulnerable to fire.
   rC--:      It makes you very vulnerable to cold.
   rPois:     It protects you from poison.
Wands
 c - a wand of paralysis (11)
 i - a wand of flame (27)
 s - a wand of digging (8)
 y - a wand of roots (8)
 A - a wand of quicksilver (12)
 C - a wand of polymorph (10)
Scrolls
 j - a scroll of poison
 m - 3 scrolls of teleportation
 n - a scroll of butterflies
 o - a scroll of blinking
 q - a scroll of enchant weapon {unknown}
 r - a scroll of enchant armour {unknown}
 v - a scroll of noise {unknown}
 x - a scroll of immolation {unknown}
Potions
 e - 4 potions of curing
 l - a potion of might
 p - a potion of resistance
 z - a potion of magic
 D - 2 potions of haste


   Skills:
 - Level 4.0 Fighting
 + Level 10.2 Ranged Weapons
 - Level 4.0 Dodging
 + Level 7.7 Stealth
 - Level 5.0 Spellcasting
 - Level 10.0 Hexes
 - Level 4.0 Translocations
 - Level 4.0 Fire Magic


You had 4 spell levels left.
You knew the following spells:

 Your Spells              Type           Power      Damage    Failure   Level
a - Jinxbite              Hex            84%        N/A       1%          2
b - Blink                 Tloc           38%        N/A       3%          2
c - Inner Flame           Hex/Fire       31%        N/A       1%          3
d - Dimensional Bullseye  Hex/Tloc       15%        N/A       7%          4
e - Cause Fear            Hex            21%        N/A       1%          4

Your spell library contained the following spells:

 Spells                   Type           Power      Damage    Failure   Level
 Sigil of Binding         Hex            42%        N/A       1%          3
 Magic Dart               Conj           16%        1d3       12%         1
 Call Imp                 Summ           8%         N/A       19%         2


Dungeon Overview and Level Annotations

Branches:
Dungeon (8/15)             Temple (1/1) D:7
   Lair: D:8-11

Altars:
Ashenzari
Cheibriados
Dithmenos
Elyvilon
Fedhas
Gozag
Hepliaklqana
Kikubaaqudgha
Nemelex Xobeh
Okawaru
Qazlal
Ru
Sif Muna
Uskayaw
Vehumet
Wu Jian
Xom
Yredelemnul
Zin
The Shining One

Shops:
D:4 *


Message History

You feel ready to blink again.
Magic restored.
Done exploring.
There is an escape hatch in the ceiling here.
There is an escape hatch in the floor here.
There is a stone staircase leading down here.
You climb downwards.
Found 2 scrolls labelled XEKLEI XASAFAUT.
There is a stone staircase leading up here.
Casting: Blink (safe; 3% risk of failure)
Confirm with . or Enter, or press ? or * to list all spells.
You blink.
A two-headed ogre comes into view. It is wielding two +0 giant clubs.
Found an escape hatch in the floor.
Found a stone staircase leading down.
Found 10 gold pieces.
You feel ready to blink again.
Casting: Blink (safe; 3% risk of failure)
Confirm with . or Enter, or press ? or * to list all spells.
You beckon some vexing sprites to accompany your attacks.
You feel your willpower being sapped.
The two-headed ogre completely misses you.
The two-headed ogre hits you with a +0 giant club!!
You shoot an arrow.
The arrow barely misses the two-headed ogre.
A giggling sprite leaps out and insults the two-headed ogre's ancestors.
The two-headed ogre is lightly wounded.
The two-headed ogre barely misses you. x2
You shoot an arrow. The arrow hits the two-headed ogre!
The two-headed ogre is heavily wounded.
You shoot an arrow. The arrow hits the two-headed ogre!
The two-headed ogre is heavily wounded.
A giggling sprite leaps out and makes the two-headed ogre trip over its own feet.
The two-headed ogre is severely wounded.
The two-headed ogre hits you with a +0 giant club!
* * * LOW HITPOINT WARNING * * *
The two-headed ogre closely misses you. The wyvern simulacrum bites you.
* * * LOW HITPOINT WARNING * * *
The wyvern simulacrum freezes you!
You die...
Your body crumbles into a pile of gold.

#.# ..ยง..Z.<)... ...
#.##.## ............
...##<....#####.
............
.............#...
..#...######
...............## .
#... #####............
..... ###...?.....#
##.....
............###........
............O@Z.$....
###.........###......
#.........# ####.
#.........# #.........#
#.>.>.......
##.......##.. ##.....##
..


You could see a two-headed ogre (drained) and a wyvern simulacrum.

Vanquished Creatures
  Pikel (D:5)
  Maurice (D:7)
  Grinder (D:6)
  A wyvern (D:7)
  A steam dragon (D:7)
  Edmund (D:6)
  Duvessa (D:7)
  A water moccasin (D:5)
  2 orc warriors
  An ice beast (D:7)
  3 black bears
  A sky beast (D:7)
  6 ogres
  A centaur (D:7)
  4 lemures
  3 phantoms
  A kobold brigand (D:7)
  A bullfrog (D:6)
  A gnoll sergeant (D:7)
  Dowan (D:7)
  A howler monkey (D:5)
  4 hounds
  2 jellies
  2 gnoll boudas (D:7)
  An orc priest (D:6)
  4 iguanas
  Crazy Yiuf (D:5)
  2 sleepcaps
  4 orc wizards
  4 adders
  22 gnolls
  A shadow imp (D:6)
  2 white imps
  2 ribbon worms
  A dart slug (D:3)
  9 orcs
  6 ball pythons
  7 bats
  10 endoplasms
  3 giant cockroaches
  6 goblins
  8 hobgoblins
  4 jackals
  3 quokkas
  7 frilled lizards
  11 kobolds
  6 rats
  A butterfly (D:7)
167 creatures vanquished.

Notes
Turn   | Place    | Note
-------+----------+-------------------------------------------
     0 | D:1      | DeathSocks the Deep Elf Hexslinger began the quest for the
                  | Orb.
     0 | D:1      | Reached XP level 1. HP: 11/11 MP: 5/5
   167 | D:1      | Reached XP level 2. HP: 16/16 MP: 7/7
   170 | D:1      | Learned a level 2 spell: Jinxbite
   820 | D:2      | Identified the +2 robe of Lies {rElec rF++ MP+9 Str-3}
   981 | D:2      | Reached XP level 3. HP: 17/20 MP: 9/9
  1052 | D:2      | Learned a level 3 spell: Inner Flame
  1157 | D:2      | Found the amulet of Elemental Vulnerability {rPois rF--
                  | rC-- AC+8}
  1819 | D:3      | Reached XP level 4. HP: 24/24 MP: 10/10
  1862 | D:3      | Reached skill level 5 in Hexes
  2026 | D:3      | Noticed an orc warrior
  2032 | D:3      | Killed an orc warrior
  2033 | D:3      | Reached XP level 5. HP: 28/28 MP: 13/13
  2095 | D:3      | Identified the +8 quarterstaff "Uwygrus" {chaos, rElec
                  | Will++ Int-4 Dex+4}
  2160 | D:3      | Learned a level 4 spell: Cause Fear
  2315 | D:3      | Noticed an ogre
  2319 | D:3      | Killed an ogre
  2320 | D:3      | Reached skill level 5 in Spellcasting
  2320 | D:3      | Reached XP level 6. HP: 33/33 MP: 15/15
  2538 | D:4      | Found Pebraoff's General Store.
  2606 | D:5      | Entered Level 5 of the Dungeon
  2626 | D:4      | Identified 3 scrolls of acquirement
  2626 | D:4      | Acquired 606 gold pieces
  2628 | D:4      | Acquired 893 gold pieces
  2630 | D:4      | Acquired 520 gold pieces
  2702 | D:4      | Learned a level 4 spell: Dimensional Bullseye
  2846 | D:5      | Reached skill level 1 in Stealth
  2846 | D:5      | Reached XP level 7. HP: 37/37 MP: 16/16
  2926 | D:4      | Reached skill level 1 in Translocations
  3102 | D:4      | Reached skill level 1 in Fighting
  3644 | D:4      | Found a blossoming altar of Fedhas.
  3659 | D:4      | Found an ancient bone altar of Kikubaaqudgha.
  3807 | D:5      | Found a runed translucent door.
  3808 | D:5      | Noticed Crazy Yiuf
  3816 | D:5      | Killed Crazy Yiuf
  4076 | D:5      | Reached XP level 8. HP: 45/45 MP: 17/17
  4087 | D:5      | Noticed Pikel
  4659 | D:5      | Found a shadowy altar of Dithmenos.
  4695 | D:5      | Killed Pikel
  5086 | D:6      | Noticed Edmund
  5092 | D:6      | Killed Edmund
  5093 | D:6      | Reached skill level 10 in Hexes
  5093 | D:6      | Reached XP level 9. HP: 41/52 MP: 18/18
  5216 | D:6      | Reached skill level 5 in Ranged Weapons
  5216 | D:6      | Noticed Grinder
  5219 | D:6      | Killed Grinder
  5282 | D:6      | Found a sparkling altar of Nemelex Xobeh.
  5282 | D:6      | Found a glowing golden altar of the Shining One.
  5283 | D:6      | Found a stormy altar of Qazlal.
  5551 | D:6      | Found a glowing silver altar of Zin.
  5655 | D:6      | Found an opulent altar of Gozag.
  5662 | D:6      | Became a worshipper of Gozag Ym Sagoz the Greedy
  5738 | D:7      | Found a hide-covered altar of Uskayaw.
  6015 | D:7      | Noticed Maurice
  6040 | D:7      | Killed Maurice
  6041 | D:7      | Reached skill level 5 in Stealth
  6546 | D:7      | Found a staircase to the Ecumenical Temple.
  6570 | D:7      | Noticed Duvessa
  6571 | D:7      | Noticed Dowan
  6579 | D:7      | Killed Duvessa
  6581 | D:7      | Killed Dowan
  6605 | Temple   | Entered the Ecumenical Temple
  6882 | D:8      | Noticed a polar bear
  6931 | D:7      | Reached XP level 10. HP: 39/56 MP: 19/19
  7005 | D:7      | Reached skill level 10 in Ranged Weapons
  7266 | D:7      | Learned a level 2 spell: Blink
  7307 | D:8      | Noticed a two-headed ogre
  7317 | D:8      | Slain by a wyvern simulacrum

Illustrated notes

Levels and vault maps discovered:
D:1:      dpeg_arrival_pits, layout_loops_ring
D:2:      layout_loops_cross, ebering_dispersal_statue_hall, serial_park_tiny_1,
          grunt_decor_junction, minmay_hexomino_f4
D:3:      layout_loops_cross, minmay_statues_item, minmay_divided_ellipse
D:4:      layout_gridville, grunt_temple_overflow_growth_and_decay,
          serial_shops, nicolae_shop_statue_plus
D:5:      layout_rooms, nicolae_dithmenos_the_darkroom, uniq_pikel,
          uniq_crazy_yiuf_cottage
D:6:      layout_basic, pdpol_temple_overflow_zin_treasury_gozag_greed,
          gammafunk_temple_overflow_claw, uniq_edmund, uniq_grinder
D:7:      layout_loops_ring, nicolae_uskayaw_murder_on_the_dancefloor,
          minmay_temple_entry_butterflies, uniq_duvessa, uniq_maurice
D:8:      layout_rooms, jmf_multi_god_temple, gammafunk_ghost_gnarly_gnolls,
          serial_ice, serial_ice_l, serial_ice_d, serial_ice_b, serial_ice_e,
          serial_ice_c, serial_ice_n, serial_ice_m, serial_ice_f,
          nicolae_lava_and_water, minivault_24, uniq_psyche, uniq_grum
Temple:   nicolae_temple_bog_church

Skill      XL: |  1  2  3  4  5  6  7  8  9 10 |
---------------+-------------------------------+-----
Spellcasting   | 2 3 4 5 |  5.0
Fire Magic     | 2 3 4 |  4.0
Hexes          | 5 6 7 8 10 | 10.0
Stealth        | 1 4 7 |  7.7
Translocations | 3 4 |  4.0
Fighting       | 2 4 |  4.0
Dodging        | 3 4 |  4.0
Ranged Weapons | 4 9 10 | 10.2

Action                     |  1- 3 |  4- 6 |  7- 9 | 10-12 || total
---------------------------+-------+-------+-------+-------++-------
   Fire: Sling             |   122 |     9 |       |       ||   131
         Longbow           |       |   125 |   211 |    19 ||   355
   Cast: Jinxbite          |     1 |     3 |    13 |     2 ||    19
         Inner Flame       |       |     7 |    22 |     1 ||    30
         Cause Fear        |       |     1 |     9 |       ||    10
         Dimensional Bulls |       |       |     7 |       ||     7
         Blink             |       |       |       |     2 ||     2
    Use: Scroll            |     2 |     6 |     6 |       ||    14
         Potion            |       |       |     1 |       ||     1
 Armour: Robe              |    49 |    44 |    89 |    14 ||   196
  Dodge: Dodged            |    35 |    49 |   120 |    15 ||   219

Table legend: (Time is in decaauts)
 A = Elapsed time spent in this place.
 B = Non-inter-level travel time spent in this place.
 C = Inter-level travel time spent in this place.
 D = Time resting spent in this place.
 E = Time spent auto-exploring this place.
 F = Levels seen in this place.
 G = Mean time per level.
                   A        B        C        D        E       F      G
               +--------+--------+--------+--------+--------+-----+--------+
         Total |   7529 |   7305 |    224 |   1378 |   4226 |   9 |  836.6 |
       Dungeon |   7528 |   7304 |    224 |   1378 |   4226 |   8 |  941.0 |
        Temple |      1 |      1 |      0 |      0 |      0 |   1 |    1.0 |
               +--------+--------+--------+--------+--------+-----+--------+

Top non-repeatable levels by time:
     D:4: 1584 daAuts
     D:7: 1187 daAuts
     D:5: 1140 daAuts
     D:6: 1091 daAuts
     D:3: 945 daAuts
     D:2: 789 daAuts
     D:1: 772 daAuts
     D:8: 17 daAuts
  Temple: 1 daAuts
